Map: 2000 Atmospheres LE

Players

PureLegacy

  • Race: Terran Terran

PiLiPiLi - Winner!

  • Race: Protoss Protoss
  • League: Grandmaster

Event: DreamHack SC2 Masters 2021 Summer

VOD

Have the link to the VOD?

Description

Time

  • Played on: May 29, 2021, 4:20 p.m.
  • Length: 8:33

All games in this series

Show
View Real Time Build Order
Export as new Build Order

PureLegacy Terran 

Build Orders:  

Get SALT Encoding   

  12  0:00  SCV  
  13  0:12  SCV  
  14  0:18  Supply Depot  
  14  0:24  SCV  
  15  0:39  SCV  
  15  0:41  Barracks  
  16  0:46  Refinery  
  16  0:51  SCV  
  17  1:04  SCV  
  18  1:16  SCV  
  19  1:29  Orbital Command  
  20  1:34  Marine  
  20  1:43  Command Center  
  20  1:48  Supply Depot  
  20  1:52  Barracks Reactor  
  20  1:54  SCV  
  21  2:07  SCV  
  22  2:19  SCV  
  23  2:22  Command Center  
  23  2:29  Marine x2  
  25  2:31  SCV  
  26  2:41  Barracks  
  26  2:43  SCV  
  27  2:47  Marine x2  
  29  2:55  Orbital Command  
  29  2:59  SCV  
  29  3:06  Marine x2  
  31  3:12  SCV  
  31  3:15  Barracks  
  31  3:23  Marine  
  31  3:24  Marine  
  31  3:25  SCV  
  32  3:36  Barracks Tech Lab  
  32  3:37  SCV x2  
  32  3:38  Orbital Command  
  32  3:39  Engineering Bay  
  32  3:44  Marine  
  32  3:45  Marine  
  33  3:48  Bunker  
  33  3:51  SCV x2  
  35  3:57  Marine  
  35  3:59  Stimpack  
  35  4:03  Barracks Tech Lab, SCV x2  
  35  4:09  Marine x2  
  36  4:12  SCV  
  36  4:15  SCV x2  
  38  4:20  Terran Infantry Weapons Level 1  
  38  4:23  Combat Shield  
  38  4:24  SCV  
  38  4:25  Marauder  
  38  4:26  Marauder  
  38  4:27  SCV  
  38  4:28  SCV  
  44  4:36  SCV  
  44  4:37  Refinery, Marine x2  
  44  4:38  Refinery  
  47  4:39  SCV  
  47  4:40  SCV  
  47  4:43  Missile Turret  
  47  4:45  Missile Turret  
  49  4:47  Marauder  
  49  4:48  SCV  
  49  4:50  Marauder  
  49  4:52  SCV  
  55  4:53  SCV  
  55  4:57  Marine x2  
  58  5:01  SCV  
  58  5:04  SCV  
  58  5:05  Supply Depot  
  58  5:06  Supply Depot  
  60  5:12  Factory  
  60  5:16  SCV x2  
  60  5:18  Marauder x2  
  60  5:20  Marine x2  
  68  5:24  SCV  
  68  5:28  Orbital Command, SCV  
  69  5:30  Supply Depot  
  69  5:34  Refinery  
  70  5:42  SCV x2, Barracks  
  71  5:43  Barracks  
  71  5:45  Marauder x2  
  71  5:46  Concussive Shells  
  71  5:47  Marine x2  
  77  5:53  SCV  
  77  5:54  SCV  
  79  6:03  SCV  
  79  6:05  Starport, SCV, Marine x2  
  79  6:06  Marauder x2, Factory Reactor  
  74  6:21  Orbital Command  
  74  6:23  Marine x2  
  69  6:27  Marauder  
  69  6:28  Marauder  
  69  6:29  Marine  
  69  6:30  Marine  
  69  6:37  Terran Infantry Armor Level 1  
  69  6:38  SCV x2, Armory  
  69  6:39  Engineering Bay  
  70  6:42  Marine x2  
  72  6:47  Supply Depot  
  72  6:49  Marauder x2  
  72  6:50  SCV x2  
  72  6:51  Barracks Reactor, Barracks Tech Lab  
  76  7:01  Barracks Reactor  
  76  7:05  Marine x2  
  71  7:10  Marauder x2  
  71  7:11  Marauder, Supply Depot  
  71  7:13  Medivac  
  71  7:14  Medivac  
  81  7:18  Marine  
  74  7:23  Marine  
  74  7:27  Marine  
  70  7:32  Marauder x3  
  72  7:41  Marine  
  61  7:44  Marine  
  61  7:53  Marauder  
Show
View Real Time Build Order
Export as new Build Order

PiLiPiLi Protoss - Winner!

Build Orders: 1 Gate Expand, Blink Stalkers 

Get SALT Encoding   

  12  0:00  Probe  
  13  0:12  Probe  
  14  0:18  Pylon  
  14  0:25  Probe (Chrono Boost)  
  15  0:37  Probe (Chrono Boost), Gateway  
  16  0:45  Probe (Chrono Boost)  
  16  0:46  Assimilator  
  17  0:51  Probe  
  18  1:03  Probe  
  19  1:15  Probe  
  20  1:22  Nexus  
  20  1:32  Cybernetics Core  
  20  1:38  Probe  
  21  1:40  Assimilator  
  21  1:50  Probe, Pylon  
  22  2:02  Probe  
  22  2:06  Stalker (Chrono Boost)  
  23  2:10  Warp Gate  
  23  2:14  Probe  
  26  2:24  Twilight Council  
  26  2:26  Probe  
  27  2:31  Stalker  
  27  2:35  Probe  
  30  2:38  Probe  
  31  2:47  Probe  
  31  2:48  Shield Battery  
  31  2:50  Probe  
  33  2:56  Blink (Chrono Boost)  
  33  2:59  Probe  
  34  3:07  Probe  
  34  3:12  Probe  
  36  3:19  Probe  
  37  3:24  Probe  
  37  3:26  Robotics Facility  
  38  3:29  Gateway  
  38  3:31  Probe  
  39  3:38  Probe  
  40  3:42  Gateway  
  40  3:43  Probe  
  40  3:46  Gateway  
  41  3:49  Assimilator  
  41  3:51  Probe  
  41  3:55  Probe  
  43  3:59  Stalker  
  43  4:00  Shield Battery  
  45  4:03  Probe  
  46  4:15  Pylon  
  46  4:17  Pylon  
  46  4:27  Pylon  
  46  4:32  Observer (Chrono Boost)  
  46  4:33  Probe x2  
  46  4:34  Stalker x2  
  53  4:41  Stalker x2  
  53  4:45  Probe x2  
  59  4:48  Observer (Chrono Boost)  
  59  4:49  Pylon  
  60  4:56  Nexus  
  60  4:57  Probe  
  60  4:58  Probe  
  60  4:59  Stalker  
  64  5:04  Warp Prism (Chrono Boost)  
  64  5:10  Stalker  
  64  5:11  Probe  
  64  5:12  Probe  
  70  5:16  Sentry  
  72  5:32  Observer, Stalker x2  
  72  5:33  Stalker  
  78  5:47  Pylon  
  78  5:48  Charge (Chrono Boost)  
  78  5:49  Forge  
  78  5:51  Pylon  
  78  6:00  Gateway  
  78  6:02  Gateway  
  78  6:05  Probe x2  
  78  6:13  Stalker  
  78  6:14  Stalker x3  
  74  6:22  Observer  
  74  6:24  Protoss Ground Armor Level 1 (Chrono Boost)  
  74  6:31  Probe  
  71  6:33  Probe  
  71  6:36  Gateway  
  71  6:38  Gateway  
  71  6:39  Gateway  
  72  6:41  Stalker x2  
  72  6:43  Gateway  
  72  6:44  Stalker  
  72  6:45  Stalker  
  80  6:51  Probe  
  81  6:54  Probe  
  82  7:08  Stalker x6  
  80  7:29  Probe x2  
  82  7:30  Probe  
  82  7:32  Zealot x7  
Tags
 
Add a new tag
Caveats
  • Supply blocks, unpowered buildings, or Contaminate may cause inaccurate times.
  • Supply counts are checked every 10 seconds.